 Dungeon Crawl Stone Soup version 0.20.1-1-g8b1a95d (webtiles) character file.

56 mike2R the Insei (level 3, -4/23 HPs)
             Began as an Octopode Transmuter on July 15, 2017.
             Killed from afar by Natasha (11 damage)
             ... with a magic dart
             ... on level 2 of the Dungeon.
             The game lasted 00:10:57 (1358 turns).

mike2R the Insei (Octopode Transmuter)              Turns: 1358, Time: 00:10:58

Health: -4/23      AC:  1    Str:  9    XL:     3   Next: 95%
Magic:  2/6        EV: 13    Int: 16    God:
Gold:   59         SH:  0    Dex: 12    Spells: 1/7 levels left

rFire    . . .     SeeInvis .     - Unarmed
rCold    . . .     Gourm    .   (no shield)
rNeg     . . .     Faith    .   (helmet restricted)
rPois    .         Spirit   .   k - amulet of inaccuracy (curse)
rElec    .         Reflect  .   (no ring)
rCorr    .         Harm     .   (no ring)
MR       .....                  (no ring)
Stlth    ++........             (no ring)
Regen    0.1/turn               (no ring)
MPRegen  0.1/turn               (no ring)
                                (no ring)
                                (no ring)

@: appendage
A: almost no armour, stealthy swim, amphibious, 8 rings, constrict 8, tentacle
spike 3, camouflage 1, gelatinous body 1
a: End Transformation


You were on level 2 of the Dungeon.
You were not hungry.
One of your tentacles had a temporary spike.
You visited 1 branch of the dungeon, and saw 2 of its levels.

You collected 59 gold pieces.

Inventory:

Hand Weapons
 f - a +0 hand axe of electrocution
Missiles
 a - 11 arrows
 h - 10 poisoned needles
 l - 5 needles of paralysis
Jewellery
 k - a cursed amulet of inaccuracy (around mantle)
Potions
 e - 4 potions of curing {unknown}
 g - a potion of cancellation {unknown}
 j - a potion of might {unknown}
Books
 b - a book of Changes

   Spells                             Type                      Level
   a - Beastly Appendage              Transmutation                1
   b - Sticks to Snakes               Transmutation                2
   c - Spider Form                    Transmutation/Poison         3
   d - Ice Form                       Ice/Transmutation            4
   e - Blade Hands                    Transmutation                5
Comestibles
 c - a bread ration
 d - 7 chunks of flesh
 i - a royal jelly


   Skills:
 - Level 1.0 Fighting
 - Level 2.0 Dodging
 * Level 4.0 Unarmed Combat
 + Level 2.5 Spellcasting
 + Level 2.5 Transmutations


You had one spell level left.
You knew the following spells:

 Your Spells              Type           Power        Failure   Level  Hunger
a - Beastly Appendage     Tmut           ##....       7%          1    #......
b - Sticks to Snakes      Tmut           ##......     11%         2    ##.....
c - Spider Form           Tmut/Pois      #.........   34%         3    ###....


Dungeon Overview and Level Annotations

Branches:
Dungeon (2/15)

Altars:

Annotations:
D:2 Natasha


Innate Abilities, Weirdness & Mutations

You cannot wear most types of armour.
You are very stealthy in the water. (Stealth+)
You are amphibious.
You can wear up to eight rings at the same time.
You can use your tentacles to constrict eight enemies at once.
Your skin changes colour to match your surroundings (Stealth+).
Your rubbery body absorbs attacks. (AC +1, EV +1)
One of your tentacles bears a large vicious spike.


Message History

The bat closely misses you. The bat misses you. The bat closely misses you.
You barely miss the bat. The bat misses you. The bat closely misses you.
The bat misses you. The bat completely misses you. The bat misses you.
The bat misses you. The bat hits you but does no damage.
You miss the bat.
Your transformation has ended.
The bat hits you but does no damage.
Casting: Sticks to Snakes
Confirm with . or Enter, or press ? or * to list all spells.
One of your tentacles grows a vicious spike.
The bat hits you but does no damage. Natasha claws you!
You tentacle-slap Natasha but do no damage.
Your grab misses Natasha. Natasha casts a spell at you.
The magic dart hits you!
You die...

... ###...#.# # .< ##..#.# #
##..#.#### ##....## ##.....#.(.
#####...#.. #####..##......
##......... #.....####..รท..
#.........# ###.##### #.#...
..........# ####...# ##.#...
..........# ##bh@.### #..#...
......?...###..#### #.#####
.!............#############.#
............................###
#........................)....#
..........########.....[<.....#
..........# #####........#
..........# ##########
..........#


You could see Natasha and a bat.

Vanquished Creatures
  2 adders (D:2)
  An ooze (D:2)
  A worm (D:2)
  2 leopard geckos
  4 hobgoblins (D:1)
  3 kobolds (D:1)
  2 bats (D:1)
  2 frilled lizards
  8 goblins
  4 rats
29 creatures vanquished.

Notes
Turn   | Place    | Note
-------+----------+-------------------------------------------
     0 | D:1      | mike2R the Octopode Transmuter began the quest for the Orb.
     0 | D:1      | Reached XP level 1. HP: 13/13 MP: 3/3
   379 | D:1      | Reached XP level 2. HP: 5/18 MP: 3/5
   383 | D:1      | Learned a level 2 spell: Sticks to Snakes
  1107 | D:2      | Reached XP level 3. HP: 23/23 MP: 4/6
  1117 | D:2      | Learned a level 3 spell: Spider Form
  1324 | D:2      | Reached skill level 4 in Unarmed Combat
  1340 | D:2      | Noticed Natasha
  1358 | D:2      | Killed from afar by Natasha

Skill      XL: |  1  2  3 |
---------------+----------+-----
Unarmed Combat | 4 |  4.0
Fighting       | |  1.0
Dodging        | |  2.0
Spellcasting   | |  2.5
Transmutations | |  2.5

Action                   || total
-------------------------++-------
Melee: Unarmed           ||    67
       Constrict         ||    12
       Tentacles         ||     9
       Kick              ||     7
       Punch             ||     1
 Cast: Beastly Appendage ||    20
       Spider Form       ||     3
       Sticks to Snakes  ||     1
  Use: Scroll            ||     2
 Stab: Sleeping          ||     5
  Eat: Chunk             ||     2
Armor: Skin              ||     7
Dodge: Dodged            ||    51
